 Dungeon Crawl Stone Soup version 0.31-a0-889-g1a8549509d (webtiles) character file.

Game seed: 957694302003781813

1565 Xavori the Covert (level 8, -2/55 HPs)
             Began as an Octopode Chaos Knight on Oct 17, 2023.
             Was a Plaything of Xom.
             Slain by a yak (18 damage)
             ... on level 6 of the Dungeon.
             The game lasted 00:05:01 (13947 turns).

Xavori the Covert (Octopode Chaos Knight)          Turns: 13947, Time: 00:05:03

Health: -2/55      AC:  1    Str: 10    XL:     8   Next: 89%
Magic:  7/7        EV: 14    Int: 22    God:    Xom [.*....]
Gold:   398        SH:  0    Dex: 11    Spells: 7/7 levels left

rFire   + . .        i - +3 rapier (holy)
rCold   . . .        (no shield)
rNeg    . . .        (helmet restricted)
rPois   .            l - amulet of regeneration
rElec   .            c - +4 ring of slaying
rCorr   .            (no ring)
SInv    .            (no ring)
Will    ++...        (no ring)
Stlth   +++          (no ring)
HPRegen 1.09/turn    (no ring)
MPRegen 0.10/turn    (no ring)
                     (no ring)

%: no passive effects
@: confused, ambrosia-drunk, attractive, enlightened, flying
A: almost no armour, amphibious, 8 rings, camouflage 1, gelatinous body 1,
(nimble swimmer 1), tentacles, tentacle spike 1, clever 2, fire resistance 1,
low MP 1, strong-willed 1
a: Renounce Religion


You were on level 6 of the Dungeon.
You worshipped Xom.
You were a plaything of Xom.
You visited 1 branch of the dungeon, and saw 6 of its levels.

You collected 398 gold pieces.

Inventory:

Hand Weapons
 a - a +0 short sword of chaos
 i - a +3 rapier of holy wrath (weapon)
Jewellery
 c - a +4 ring of slaying (left tentacle)
 l - an amulet of regeneration (around mantle)
Talismans
 g - a flux talisman
Scrolls
 b - a scroll of butterflies
 f - 2 scrolls of blinking {unknown}
 j - 2 scrolls of teleportation
 m - 2 scrolls of amnesia
 p - a scroll of fear
 q - a scroll of revelation
Potions
 d - a potion of berserk rage {unknown}
 e - a potion of curing {unknown}
 n - 2 potions of haste {unknown}
 r - a potion of degeneration {unknown}


   Skills:
 + Level 5.1 Fighting
 + Level 6.4 Short Blades
 + Level 3.8 Dodging
 + Level 8.5 Stealth
 * Level 3.9 Shapeshifting


You had 7 spell levels left.
You didn't know any spells.
Your spell library contained the following spells:

 Spells                   Type           Power      Damage    Failure   Level
 Ensorcelled Hibernation  Hex/Ice        0%         N/A       26%         2
 Jinxbite                 Hex            0%         N/A       26%         2
 Anguish                  Hex/Necr       0%         N/A       86%         4


Dungeon Overview and Level Annotations

Branches:
Dungeon (6/15)             Temple (0/1) D:6

Altars:
Nemelex Xobeh

Shops:
D:4 (


Innate Abilities, Weirdness & Mutations

You cannot wear most types of armour.
You are amphibious.
You can wear up to eight rings at the same time.
Your skin changes colour to match your surroundings (Stealth+).
Your rubbery body absorbs attacks. (AC +1, EV +1)
((You are camouflaged when in or above water. (Stealth+)))
You have tentacles for arms and can constrict up to eight enemies at once.
One of your tentacles bears a spike.
Your mind is very acute. (Int +8, Str/Dex -2)
Your flesh is heat resistant. (rF+)
Your magical capacity is low. (-10% MP)
You are strong-willed. (Will+)


Message History

No target in view!
HP restored.
e - a brown potion You now have 382 gold pieces (gained 17).
Found a staircase to the Ecumenical Temple.
You now have 389 gold pieces (gained 7).
Found a war axe.
You now have 398 gold pieces (gained 9). 2 yaks come into view.
There are monsters nearby!
There are monsters nearby!
A yak comes into view.
The yak bellows! x2; You hear a bellow!
A yak comes into view.
The yak gores you.
You barely miss the yak.
The yak bellows!
You pierce the yak!
The yak is moderately wounded.
The yak gores you!
Okay, then.
It was a potion of magic.
Magic courses through your body. "Get over here!"
The yak blinks! x2
A yak comes into view.
It was a potion of ambrosia.
You are confused.
You feel invigorated. The yak misses you. The yak barely misses you.
It was a potion of attraction.
You feel attractive to monsters. The yak gores you! x2
It was a potion of enlightenment.
You feel very buoyant.
You fly up into the air.
Xom thinks this is hilarious!
The yak gores you!
* * * LOW HITPOINT WARNING * * *
The yak gores you!!
You die...
Xom laughs nastily!

##.########.####
#.#####.# ##.##
........# ##.>.###
#.#####.## ##.....#.
##.#.####........
#.###............
##.#.#.##.......<
#.#####.##.###.......
#YYY@YY.........###..
##########.####.# #..
.# #.# #.# .# #.....#
.# #####.# .. #


You could see 5 yaks.

Vanquished Creatures
  Sigmund (D:3)
  A yak (shapeshifter) (D:3)
  Menkaure (D:4)
  A water moccasin (D:5)
  A black bear (D:4)
  An ogre (D:5)
  A phantom (D:5)
  A gnoll sergeant (D:5)
  2 scorpions
  2 orc priests
  2 hounds
  3 jellies
  A sleepcap (D:4)
  2 iguanas (D:5)
  2 orc wizards (D:5)
  12 gnolls
  6 adders
  2 worms (D:2)
  A dart slug (D:2)
  8 orcs
  7 ball pythons
  12 endoplasms
  4 giant cockroaches
  9 goblins
  8 hobgoblins
  17 kobolds
  6 quokkas
  5 bats
  6 frilled lizards
  4 rats
129 creatures vanquished.

Vanquished Creatures (others)
  A goblin zombie (D:3)
1 creature vanquished.

Grand Total: 130 creatures vanquished

Notes
Turn   | Place    | Note
-------+----------+-------------------------------------------
     0 | D:1      | Xavori the Octopode Chaos Knight began the quest for the
                  | Orb.
     0 | D:1      | Reached XP level 1. HP: 16/16 MP: 1/1
    82 | D:1      | XOM: butterfly on damage
   207 | D:1      | Reached XP level 2. HP: 19/21 MP: 2/2
  1171 | D:1      | XOM: silly message
  1926 | D:1      | XOM: noise
  2123 | D:1      | XOM: cloud trail
  2289 | D:1      | XOM: god gift: 26 gold pieces
  2301 | D:1      | XOM: scenery: 1 doors open
  2460 | D:1      | XOM: noise
  2590 | D:1      | XOM: summons 2 hostile shadow creatures
  2830 | D:1      | XOM is BORED!
  2830 | D:1      | XOM: draining
  4141 | D:1      | XOM is BORED!
  4141 | D:1      | XOM: give mutations
  4141 | D:1      | Gained mutation: Your magical capacity is low. (-10% MP)
                  | [Xom's mischief]
  4141 | D:1      | Gained mutation: Your flesh is heat resistant. (rF+) [Xom's
                  | mischief]
  4141 | D:1      | Gained mutation: You are strong-willed. (Will+) [Xom's
                  | mischief]
  4141 | D:1      | Gained mutation: One of your tentacles bears a spike.
                  | [Xom's mischief]
  4228 | D:1      | XOM: noise
  4506 | D:1      | XOM: silly message
  5610 | D:1      | XOM: summons 2 hostile demons
  5611 | D:1      | Noticed a crimson imp
  5611 | D:1      | Noticed a crimson imp
  5611 | D:1      | XOM: smoke on damage
  7028 | D:1      | XOM: scenery: 1 doors close
  7226 | D:1      | XOM: god gift: scroll labelled XIBYTA KUFIHOG {god gift}
  7490 | D:1      | XOM: scenery: 1 doors open
  7802 | D:1      | XOM: noise
  7905 | D:1      | XOM: give mutations
  7905 | D:1      | Gained mutation: Your mind is acute. (Int +4, Str/Dex -1)
                  | [Xom's grace]
  7905 | D:1      | Gained mutation: Your mind is very acute. (Int +8, Str/Dex
                  | -2) [Xom's grace]
  8049 | D:1      | XOM: divination: magic mapping
  8074 | D:1      | XOM: cloud trail
  8508 | D:1      | XOM is BORED!
  8644 | D:1      | XOM: cloud trail
  9961 | D:1      | XOM: summons 2 hostile shadow creatures
 10037 | D:2      | Reached skill level 1 in Stealth
 10037 | D:2      | Reached XP level 3. HP: 7/24 MP: 2/2
 10108 | D:2      | XOM: 3-stop teleportation journey
 10168 | D:2      | XOM: scenery: 1 doors open
 10172 | D:2      | Reached skill level 2 in Stealth
 10615 | D:2      | Reached XP level 4. HP: 31/31 MP: 3/3
 11008 | D:2      | Glimpsed the power of Zot.
 11027 | D:3      | Found a sparkling altar of Nemelex Xobeh.
 11077 | D:3      | Found a faded altar of an unknown god.
 11242 | D:3      | Reached skill level 3 in Stealth
 11242 | D:3      | Reached skill level 1 in Shapeshifting
 11242 | D:3      | XOM: confuse monster(s)
 11249 | D:3      | Reached XP level 5. HP: 31/37 MP: 4/4
 11255 | D:3      | an endoplasm changed into a shapeshifter
 11255 | D:3      | Noticed a shapeshifter (shapeshifter)
 11255 | D:3      | a shapeshifter changed into a yak
 11255 | D:3      | Noticed a yak (shapeshifter)
 11263 | D:3      | Killed a yak
 11264 | D:3      | Reached skill level 4 in Stealth
 11264 | D:3      | Reached XP level 6. HP: 34/43 MP: 5/5
 11383 | D:3      | Noticed Sigmund
 11390 | D:3      | Killed Sigmund
 11391 | D:3      | Reached skill level 5 in Short Blades
 11391 | D:3      | Reached skill level 5 in Stealth
 11391 | D:3      | Reached XP level 7. HP: 48/48 MP: 6/6
 11695 | D:3      | XOM: stat loss: -1 Str (9/10)
 12010 | D:4      | Found Seyfio's Weapon Shop.
 12010 | D:4      | XOM: 9-stop teleportation journey
 12146 | D:4      | Noticed Menkaure
 12151 | D:4      | Killed Menkaure
 12335 | D:4      | XOM: 2-stop teleportation journey
 12362 | D:4      | XOM: noise
 12371 | D:4      | XOM: 5-stop teleportation journey
 12438 | D:4      | XOM: destruction
 12458 | D:4      | Reached skill level 6 in Stealth
 12579 | D:4      | XOM: silly message
 13264 | D:5      | Entered Level 5 of the Dungeon
 13298 | D:5      | Reached XP level 8. HP: 54/54 MP: 7/7
 13304 | D:5      | Reached skill level 7 in Stealth
 13498 | D:4      | Reached skill level 8 in Stealth
 13595 | D:5      | Reached skill level 5 in Fighting
 13796 | D:5      | Identified a scroll of acquirement
 13797 | D:5      | Acquired a +3 rapier of holy wrath
 13905 | D:6      | Found a staircase to the Ecumenical Temple.
 13939 | D:6      | Noticed a yak
 13939 | D:6      | Noticed a yak
 13940 | D:6      | Noticed a yak
 13942 | D:6      | Noticed a yak
 13944 | D:6      | XOM: blink monster(s)
 13944 | D:6      | Noticed a yak
 13947 | D:6      | Slain by a yak

Illustrated notes

Levels and vault maps discovered:
D:1:      ebering_trefoil_3fold, layout_basic, serial_curves, eino_curves_02,
          eino_curves_02, eino_curves_01
D:2:      minmay_inner_zag, layout_basic, kennysheep_doodads
D:3:      cheibrodos_fertilizer, layout_basic, mainiacjoe_overflow_paths,
          chequers_ecumenical_altar_simple, hangedman_decor_riveting,
          minmay_misc_feat_secret_circle, minmay_goblin_outpost, uniq_sigmund
D:4:      layout_layer_cave, serial_shops, nicolae_shop_tiny_statue_garden,
          uniq_menkaure
D:5:      layout_rooms
D:6:      layout_loops_ring, kennysheep_orc_sif_temple, minitemple,
          minmay_temple_entry_glass, minmay_misc_feat_rugged

Skill      XL: |  1  2  3  4  5  6  7  8 |
---------------+-------------------------+-----
Stealth        | 1 2 3 4 5 6 8 |  8.5
Shapeshifting  | 1 2 3 |  3.9
Short Blades   | 4 5 6 |  6.4
Fighting       | 4 5 |  5.1
Dodging        | 3 |  3.8

Action                     |  1- 3 |  4- 6 |  7- 9 || total
---------------------------+-------+-------+-------++-------
  Melee: Short sword       |    55 |    48 |   114 ||   217
         Constrict         |    15 |     9 |    35 ||    59
         Tentacles         |     5 |     4 |    24 ||    33
         Kick              |     9 |     6 |    44 ||    59
         Punch             |       |       |     2 ||     2
         Rapier            |       |       |     6 ||     6
    Use: Scroll            |     1 |       |     7 ||     8
         Potion            |       |       |     4 ||     4
   Stab: Sleeping          |     8 |     8 |    12 ||    28
         Paralysed         |       |       |     1 ||     1
 Armour: Skin              |    21 |    11 |    67 ||    99
  Dodge: Dodged            |    17 |    17 |    79 ||   113

Table legend: (Time is in decaauts)
 A = Elapsed time spent in this place.
 B = Non-inter-level travel time spent in this place.
 C = Inter-level travel time spent in this place.
 D = Time resting spent in this place.
 E = Time spent auto-exploring this place.
 F = Levels seen in this place.
 G = Mean time per level.
                   A        B        C        D        E       F      G
               +--------+--------+--------+--------+--------+-----+--------+
         Total |  13899 |  13703 |    196 |   9615 |   3321 |   6 | 2316.5 |
       Dungeon |  13899 |  13703 |    196 |   9615 |   3321 |   6 | 2316.5 |
               +--------+--------+--------+--------+--------+-----+--------+

Top non-repeatable levels by time:
     D:1: 9522 daAuts
     D:2: 1481 daAuts
     D:4: 1432 daAuts
     D:3: 973 daAuts
     D:5: 408 daAuts
     D:6: 81 daAuts
